 Dungeon Sprint DCSS version 0.14-a0-277-g660d43f (console) character file.

28239 Dalvant the Pyromancer (level 13, -1/70 HPs)
             Began as a Deep Elf Fire Elementalist on Oct 17, 2013.
             Was the Champion of Vehumet.
             Shot with a bolt by a yaktaur captain (32 damage)
             ... in the Dungeon (Sprint II: "The Violet Keep of Menkaure").
             The game lasted 00:36:33 (4584 turns).

Dalvant the Pyromancer (Deep Elf Fire Elementalist) Turns: 4584, Time: 00:36:33

HP  -1/70        AC 11     Str  5      XL: 13   Next:  8%
MP  14/36        EV 12     Int 24 (27) God: Vehumet [******]
Gold 78          SH 11     Dex 14      Spells:  6 memorised, 17 levels left

Res.Fire  : + + .   See Invis. : .   (no weapon)
Res.Cold  : . . .   Warding    : .   k - +2 robe {MR+}
Life Prot.: + . .   Conserve   : .   j - +1 buckler {rN+}
Res.Poison: .       Res.Corr.  : .   i - +0 golden helmet
Res.Elec. : +       Clarity    : .   g - +0 cloak
Sust.Abil.: . .     Spirit.Shd : .   q - +0 pair of orc gauntlets
Res.Mut.  : .       Prev.Telep.: +   h - -1 pair of boots "Ulysi" {rElec rC++ Int+1}
Res.Rott. : .       Flight     : .   v - amulet of rage
Saprovore : . . .                    o - ring of fire
                                     f - ring of fire

@: very slightly contaminated, hasted (expiring), quick, quite resistant to
hostile enchantments, quite stealthy
A: blurry vision 1, fast metabolism 1, screaming 1, slowness 2, AC +4, Dex -1
a: Renounce Religion, Evoke Berserk Rage


You were in the Dungeon.
You worshipped Vehumet.
Vehumet was exalted by your worship.
You were near starving.

You visited 1 branch You collected 2262 gold pieces.
You spent 2204 gold pieces at shops.

Inventory:

Armour
 e - a +0 cloak
 g - a +0 cloak (worn)
 h - the -1 pair of boots "Ulysi" (worn) {rElec rC++ Int+1}
   (You bought it in a shop in the Dungeon)

   It affects your intelligence (+1).
   It greatly protects you from cold.
   It insulates you from electricity.
 i - a +0 golden helmet (worn)
 j - a +1 buckler of positive energy (worn)
 k - a +2 robe of magic resistance (worn)
 q - a +0 pair of orcish gauntlets (worn)
Comestibles
 c - a bread ration
 s - a pear
 A - an apple
Scrolls
 a - 2 scrolls of identify
 m - a scroll of amnesia {unknown}
 t - a scroll of remove curse
 x - a scroll of curse weapon {unknown}
 y - a scroll of enchant weapon II {unknown}
Jewellery
 f - a ring of fire (left hand)
 o - a ring of fire (right hand)
 u - an uncursed amulet of stasis
 v - an amulet of rage (around neck)
Potions
 d - 4 potions of curing
 l - 2 potions of flight
 p - 2 potions of resistance
 r - 13 potions of mutation
 w - 2 potions of invisibility {unknown}
 z - a potion of heal wounds
Books
 b - a book of Flames

   Spells                             Type                      Level
   *Flame Tongue                      Conjuration/Fire             1
   Throw Flame                        Conjuration/Fire             2
   Conjure Flame                      Conjuration/Fire             3
   Inner Flame                        Hexes/Fire                   3
   *Sticky Flame                      Conjuration/Fire             4
   *Fireball                          Conjuration/Fire             5


   Skills:
 - Level 5.6 Fighting
 - Level 2.4 Dodging
 - Level 6.0 Stealth
 - Level 3.9 Shields
 - Level 14.7 Spellcasting
 * Level 21.8 Conjurations
 + Level 22.5 Fire Magic
 - Level 5.0 Earth Magic


You had 17 spell levels left.
You knew the following spells:

 Your Spells              Type           Power        Failure   Level  Hunger
a - Flame Tongue          Conj/Fire      #####        0%          1    None
b - Fireball              Conj/Fire      ########..   0%          5    None
c - Sticky Flame          Conj/Fire      ########     0%          4    None
d - Iron Shot             Conj/Erth      ######....   1%          6    ####...
o - Orb of Destruction    Conj           #######...   1%          7    ######.
A - Magic Dart            Conj           ####         0%          1    None


Dungeon Overview and Level Annotations

Branches:
Dungeon (1/1)

Altars:
Cheibriados
Elyvilon
Fedhas
Kikubaaqudgha
Makhleb
Nemelex Xobeh
Okawaru
Sif Muna
Trog
Vehumet
Xom
Yredelemnul
Zin
the Shining One
Beogh
Jiyva
Lugonu

Shops:
D ([+!==(/*[*+!?!%

Annotations:
D exclusion: oklob plant


Innate Abilities, Weirdness & Mutations

You are partially covered in rough black scales (AC +4, Dex -1).
Your vision is a little blurry.
You have a fast metabolism.
You occasionally shout uncontrollably.
You cover ground very slowly.


Message History

Aiming: Fireball
Press: ? - help, Shift-Dir - straight line, p - storm dragon
Okay, then.
You hear a grinding noise.
The storm dragon burns!
The storm dragon burns!
The storm dragon stops burning.
The storm dragon breathes lightning at you.
The bolt of lightning hits you! You resist.
Casting: Fireball
Confirm with . or Enter, or press ? or * to list all spells.
Aiming: Fireball
Press: ? - help, Shift-Dir - straight line, f/p - storm dragon
Aim: a storm dragon (almost dead, catching its breath)
You feel a strong surge of power!
The fireball explodes!
The fireball engulfs the storm dragon.
You kill the storm dragon!
Vehumet accepts your kill.
You feel your power returning.
You have reached level 13!
The yaktaur captain wields a crossbow.
The yaktaur captain shoots a bolt.
The bolt hits you!
You die...

###+#### ### #§§§§§§≈## ..# #§§§§§§≈≈≈## 8###+####.# #
+≈§≈≈§§≈§§≈≈##++## 88+§..#0..# ####++####
G####≈≈≈§§≈≈≈≈##≈...###8#§§.########## ######........#
..≈##≈§≈§§≈≈##)≈.^...#.#§§§#≈≈§≈≈≈≈≈###....#.''''''.#
############≈≈#+++#''§#####....#.##§:############'##.#.'≈..§'.#
###########≈≈).....§...#%.'^...#..#)}#((......##...#.#.'§..≈'.#
##.......∩#e≈≈≈.##'##..#..####.#..#}§#.[.(...(##.⌠.#.#.'§§.§'.#
##∩.....∩.#≈≈(≈##.#.##.####..'.##.#|[#[)....[.##..)#.#.'≈§.≈'.#
##.∩...∩.∩#≈≈≈≈#..#..#....#.(#.^.#####()(([[..##...#^#.'≈..§'.#
##∩.∩.∩.∩.#≈≈####.#.####..#####..##.##.......[##...#.#.'§§.§'.#
##.∩.∩.∩..#≈...###'###.##..#..'(.#..##[...().(##..)#.#.'≈§.≈'.#
##..∩.∩...#≈.#..##.##.#.#..#..#).#..##(([).(..##.⌠.#.#)#§§.§#"#
##.".⌠....'≈'.#.'<<<'###'..####..##.##)...).(.##...#.#[#≈..≈#.#
##........#≈.......2..c......###...#########'####'##§###≈..≈###
###########≈.#.##.'###.##.....@≈≈)≈≈≈≈≈≈≈≈≈≈...≈≈≈#.§§§§§..##
##$aa######≈≈######.####≈≈.....≈#'########≈###.≈≈≈#§§.....##
#).J#% ##≈≈≈#..##.#≈≈≈≈§§§§.≈#[..._...#≈≈§##≈≈≈#§§§§[.##
#∩P!+.$ #'#≈##...#.≈≈≈≈≈≈≈≈.≈#..._._..#§§≈≈#########≈##
#!.$#?## #.#≈≈##'##≈≈≈≈≈≈§≈§≈≈#.._._...#≈§§§§# #≈# #%.a###
####≈≈≈≈≈≈≈≈≈≈≈§§§≈≈≈#.⌠._._..#≈§§§§≈ #≈# #+#
#+++#+++#≈§§§§§≈§≈#.._._._.#§§≈§≈§ #≈# #.§..§.
##§§§###≈≈#..._._._#§≈≈≈§§ #≈# #§§§.§§§§. ≈≈
#§≈#...._._.#≈§§≈≈≈# #≈# +.§§§..§§§§§+
#≈≈#....._§_#≈;§§#########≈# ##.§.§§§§§§#
≈≈≈≈##########≈≈≈§#≈≈≈≈≈≈≈≈≈# ##..§§§§.##
######≈≈≈≈≈≈{≈≈≈§§≈#≈≈≈≈≈≈≈≈≈# ####+####
≈≈###≈########≈#########≈≈≈≈# §§##≈# ## ≈§§§§##≈≈≈# ≈§+≈
§≈§§§≈≈##≈≈# ### §§§§§≈≈≈'≈≈# ≈≈§§≈≈≈##### ≈§§§≈ ####


You could see a yaktaur captain.

Vanquished Creatures
  A hellephant (D)
  A deep elf blademaster (D)
  A deep elf master archer (D)
  A kraken (D)
  A storm dragon (D)
  Kirke (D)
  A draconian shifter (D)
  A dragon (D)
  2 plague shamblers (D)
  A centaur warrior (D)
  2 death drakes (D)
  A giant orange brain (D)
  An ice statue (D)
  3 giant amoebae (D)
  A harpy (D)
  14 shining eyes (D)
  An eye of devastation (D)
  2 spiny frogs (D)
  A yaktaur (D)
  Sonja (D)
  3 polar bears (D)
  2 boulder beetles (D)
  A baby alligator (D)
  6 sharks (D)
  2 hippogriffs (D)
  A vampire mosquito (D)
  Menkaure (D)
  An orange crystal statue (D)
  A kobold demonologist (D)
  A swamp drake (D)
  2 ice beasts (D)
  A yellow wasp (D)
  A crocodile (D)
  4 brain worms (D)
  A silver statue (D)
  3 agate snails (D)
  A quasit (D)
  7 big fish (D)
  10 giant eyeballs (D)
  3 tentacles (D)
90 creatures vanquished.

Vanquished Creatures (others)
  A shining eye (D)
  26 tentacles (D)
  20 tentacle segments (D)
47 creatures vanquished.

Grand Total: 137 creatures vanquished

Notes
Turn   | Place    | Note
--------------------------------------------------------------
     0 | D        | Dalvant, the Deep Elf Fire Elementalist, began the quest for the Orb.
     0 | D        | Reached XP level 1. HP: 10/10 MP: 4/4
     0 | D        | Noticed an agate snail
     0 | D        | Noticed an agate snail
     0 | D        | Noticed an agate snail
     4 | D        | Noticed a hippogriff
     4 | D        | Noticed a hippogriff
     7 | D        | Noticed a brain worm
    20 | D        | Killed a brain worm
    20 | D        | Reached skill level 6 in Fire Magic
    20 | D        | Reached XP level 2. HP: 13/15 MP: 0/7
    20 | D        | Reached XP level 3. HP: 17/20 MP: 0/9
   133 | D        | Noticed a brain worm
   137 | D        | Killed a brain worm
   137 | D        | Reached skill level 8 in Fire Magic
   137 | D        | Reached XP level 4. HP: 19/24 MP: 6/13
   143 | D        | Learned a level 4 spell: Sticky Flame
   199 | D        | Noticed a brain worm
   199 | D        | Noticed a brain worm
   204 | D        | Killed a brain worm
   204 | D        | Reached skill level 5 in Conjurations
   204 | D        | Reached skill level 9 in Fire Magic
   204 | D        | Reached XP level 5. HP: 27/29 MP: 12/16
   207 | D        | Killed a brain worm
   207 | D        | Reached skill level 5 in Stealth
   207 | D        | Reached skill level 10 in Fire Magic
   214 | D        | Learned a level 5 spell: Fireball
   262 | D        | Killed a hippogriff
   262 | D        | Reached skill level 5 in Fighting
   262 | D        | Reached skill level 11 in Fire Magic
   262 | D        | Reached XP level 6. HP: 12/35 MP: 12/19
   478 | D        | Killed a hippogriff
   478 | D        | Reached skill level 5 in Spellcasting
   614 | D        | Killed an agate snail
   614 | D        | Reached XP level 7. HP: 40/40 MP: 13/22
   697 | D        | Killed an agate snail
   697 | D        | Reached skill level 12 in Fire Magic
   825 | D        | Killed an agate snail
   929 | D        | Found Urchatat's Distillery.
   929 | D        | Found Ularch's Distillery.
   929 | D        | Found Chont's Assorted Antiques.
   929 | D        | Found Brem's Food Emporium.
   929 | D        | Found Xoass' Assorted Antiques.
   929 | D        | Found Niemeunn's Magic Scroll Emporium.
   929 | D        | Found Phoamn's Book Emporium.
   930 | D        | Found Seamoarr's Magical Wand Shoppe.
   930 | D        | Found Inuad's Antique Weapon Shoppe.
   930 | D        | Found Tuprar's Antique Armour Emporium.
   931 | D        | Found Waazez's Jewellery Emporium.
   931 | D        | Noticed a pulsating lump
   933 | D        | Found Muamnolu's Distillery.
   933 | D        | Found Thriuw's Jewellery Emporium.
   933 | D        | Noticed Menkaure
   933 | D        | Noticed a pulsating lump
   933 | D        | Noticed a pulsating lump
   934 | D        | Found Qeckomeh's Antique Armour Shoppe.
   934 | D        | Noticed an oklob plant
   935 | D        | Found Ghintin's Weapon Emporium.
   945 | D        | Killed Menkaure
   952 | D        | Found Nunkesi's Book Shoppe.
   952 | D        | Noticed a soldier ant
   954 | D        | Noticed a hell hog
   954 | D        | Noticed a soldier ant
   955 | D        | Noticed a soldier ant
   964 | D        | Bought a pair of faintly glowing boots for 149 gold pieces
   967 | D        | Identified the cursed -1 pair of boots "Ulysi" {rElec rC++ Int+1} (You bought it in a shop in the Dungeon)
   971 | D        | Bought a glowing buckler for 55 gold pieces
   971 | D        | Bought an embroidered robe for 15 gold pieces
   981 | D        | Bought a potion of flight for 33 gold pieces
   986 | D        | Bought 2 sedimented green potions for 45 gold pieces
   990 | D        | Bought an apple for 10 gold pieces
   992 | D        | Bought a potion of mutation for 42 gold pieces
   993 | D        | Gained mutation: Your system is resistant to poisons. [potion of mutation]
   993 | D        | Gained mutation: You are partially covered in rough black scales (AC +4, Dex -1). [potion of mutation]
   993 | D        | Gained mutation: You are robust (+10% HP). [potion of mutation]
  1004 | D        | Bought an uncursed ring of fire for 200 gold pieces
  1040 | D        | Found a blossoming altar of Fedhas.
  1041 | D        | Found a roughly hewn altar of Beogh.
  1042 | D        | Found a basalt altar of Yredelemnul.
  1042 | D        | Found an ancient bone altar of Kikubaaqudgha.
  1042 | D        | Found an iron altar of Okawaru.
  1042 | D        | Found a snail-covered altar of Cheibriados.
  1043 | D        | Found a glowing silver altar of Zin.
  1043 | D        | Found a corrupted altar of Lugonu.
  1043 | D        | Found a radiant altar of Vehumet.
  1043 | D        | Found a sparkling altar of Nemelex Xobeh.
  1045 | D        | Noticed a baby alligator
  1046 | D        | Found a bloodstained altar of Trog.
  1046 | D        | Found a glowing golden altar of the Shining One.
  1046 | D        | Found a shimmering altar of Xom.
  1046 | D        | Noticed a yellow wasp
  1046 | D        | Noticed a polar bear
  1047 | D        | Found a viscous altar of Jiyva.
  1047 | D        | Found a white marble altar of Elyvilon.
  1047 | D        | Found a deep blue altar of Sif Muna.
  1047 | D        | Noticed a yaktaur
  1049 | D        | Found a burning altar of Makhleb.
  1050 | D        | Noticed a big fish
  1051 | D        | Noticed a big fish
  1053 | D        | Became a worshipper of Vehumet
  1059 | D        | Noticed a polar bear
  1059 | D        | Noticed a polar bear
  1059 | D        | Noticed a crocodile
  1063 | D        | Killed a polar bear
  1063 | D        | Reached skill level 1 in Shields
  1063 | D        | Reached XP level 8. HP: 49/49 MP: 9/25
  1063 | D        | Killed a baby alligator
  1065 | D        | Killed a polar bear
  1065 | D        | Acquired Vehumet's first power
  1065 | D        | Offered knowledge of Magic Dart by Vehumet.
  1065 | D        | Reached skill level 10 in Conjurations
  1065 | D        | Reached skill level 13 in Fire Magic
  1069 | D        | Killed a yellow wasp
  1069 | D        | Killed a polar bear
  1071 | D        | Killed a yaktaur
  1197 | D        | Noticed a plague shambler
  1202 | D        | Killed a crocodile
  1202 | D        | Reached skill level 10 in Spellcasting
  1202 | D        | Reached XP level 9. HP: 55/55 MP: 24/29
  1209 | D        | Noticed a plague shambler
  1213 | D        | Killed a plague shambler
  1213 | D        | Reached skill level 14 in Fire Magic
  1216 | D        | Noticed a shark
  1218 | D        | Noticed a big fish
  1219 | D        | Noticed a big fish
  1220 | D        | Noticed a big fish
  1221 | D        | Noticed a big fish
  1233 | D        | Noticed a big fish
  1243 | D        | Noticed a big fish
  1409 | D        | Learned a level 1 spell: Magic Dart
  1415 | D        | Noticed a death drake
  1418 | D        | Killed a plague shambler
  1418 | D        | Offered knowledge of Sting by Vehumet.
  1418 | D        | Reached skill level 15 in Fire Magic
  1420 | D        | Killed a death drake
  1420 | D        | Acquired Vehumet's second power
  1694 | D        | Noticed a kraken
  1708 | D        | Killed a big fish
  1708 | D        | Offered knowledge of Static Discharge by Vehumet.
  1739 | D        | Killed a big fish
  1751 | D        | Killed a big fish
  1830 | D        | Killed a big fish
  1852 | D        | Killed a big fish
  1852 | D        | Acquired Vehumet's third power
  1852 | D        | Offered knowledge of Mephitic Cloud by Vehumet.
  1960 | D        | Killed a big fish
  1960 | D        | Reached XP level 10. HP: 58/58 MP: 31/31
  2128 | D        | Killed a kraken
  2128 | D        | Offered knowledge of Ignite Poison by Vehumet.
  2128 | D        | Reached skill level 16 in Fire Magic
  2299 | D        | Noticed a swamp drake
  2299 | D        | Killed a swamp drake
  2300 | D        | Noticed a death drake
  2300 | D        | Killed a death drake
  2300 | D        | Reached skill level 17 in Fire Magic
  2342 | D        | Noticed a giant amoeba
  2342 | D        | Noticed a giant amoeba
  2342 | D        | Noticed a giant amoeba
  2352 | D        | Killed a giant amoeba
  2352 | D        | Offered knowledge of Orb of Destruction by Vehumet.
  2353 | D        | Killed a giant amoeba
  2353 | D        | Reached skill level 15 in Conjurations
  2355 | D        | Killed a giant amoeba
  2433 | D        | Noticed a dragon
  2725 | D        | Bought an uncursed amulet of inaccuracy for 28 gold pieces
  2725 | D        | Bought an uncursed ring of fire for 280 gold pieces
  2733 | D        | Bought a cloak for 22 gold pieces
  2736 | D        | Bought a golden helmet for 55 gold pieces
  2748 | D        | Bought a potion of heal wounds for 33 gold pieces
  2748 | D        | Bought a potion of heal wounds for 33 gold pieces
  2748 | D        | Bought a potion of heal wounds for 33 gold pieces
  2774 | D        | Noticed a boulder beetle
  2774 | D        | Noticed a boulder beetle
  2779 | D        | Killed a boulder beetle
  2779 | D        | Reached XP level 11. HP: 66/66 MP: 17/34
  2783 | D        | Killed a boulder beetle
  2902 | D        | Noticed a silver statue
  2914 | D        | Noticed an ice statue
  2924 | D        | Killed an ice statue
  2924 | D        | Reached skill level 18 in Fire Magic
  3052 | D        | Killed a dragon
  3256 | D        | Bought a potion of curing for 22 gold pieces
  3256 | D        | Bought a potion of magic for 77 gold pieces
  3256 | D        | Bought a potion of heal wounds for 33 gold pieces
  3263 | D        | Bought a potion of speed for 66 gold pieces
  3263 | D        | Bought a potion of speed for 66 gold pieces
  3278 | D        | Noticed a vampire mosquito
  3279 | D        | Killed a vampire mosquito
  3300 | D        | Learned a level 7 spell: Orb of Destruction
  3316 | D        | Killed a silver statue
  3337 | D        | Killed a big fish
  3358 | D        | Noticed a deep elf master archer
  3363 | D        | Killed a deep elf master archer
  3363 | D        | Offered knowledge of Fulminant Prism by Vehumet.
  3442 | D        | Noticed a spiny frog
  3442 | D        | Noticed a spiny frog
  3443 | D        | Killed a spiny frog
  3443 | D        | Reached skill level 19 in Fire Magic
  3444 | D        | Killed a spiny frog
  3471 | D        | Noticed an electric golem
  3471 | D        | Noticed a crystal golem
  3471 | D        | Noticed a clay golem
  3471 | D        | Noticed a clay golem
  3526 | D        | Noticed a red draconian shifter
  3526 | D        | Noticed a giant orange brain
  3526 | D        | Noticed Sonja
  3528 | D        | Noticed a hellephant
  3528 | D        | Killed a giant orange brain
  3529 | D        | Killed Sonja
  3553 | D        | Killed a hellephant
  3553 | D        | Reached skill level 20 in Fire Magic
  3880 | D        | Killed a red draconian shifter
  3880 | D        | Reached XP level 12. HP: 60/71 MP: 6/35
  3984 | D        | Noticed a harpy
  3985 | D        | Killed a harpy
  3986 | D        | Noticed a deep elf blademaster
  3987 | D        | Killed a deep elf blademaster
  3987 | D        | Offered knowledge of Iron Shot by Vehumet.
  3990 | D        | Noticed an eye of devastation
  3992 | D        | Killed an eye of devastation
  3992 | D        | Reached skill level 21 in Fire Magic
  4000 | D        | Learned a level 6 spell: Iron Shot
  4085 | D        | Noticed a shark
  4090 | D        | Noticed a shark
  4091 | D        | Killed a shark
  4091 | D        | Reached skill level 1 in Earth Magic
  4094 | D        | Killed a shark
  4096 | D        | Noticed a shark
  4100 | D        | Killed a shark
  4101 | D        | Killed a shark
  4247 | D        | Noticed a shark
  4278 | D        | Killed a shark
  4281 | D        | Noticed a shark
  4281 | D        | Killed a shark
  4281 | D        | Reached skill level 5 in Earth Magic
  4311 | D        | Noticed an orange crystal statue
  4316 | D        | Killed an orange crystal statue
  4318 | D        | Gained mutation: Your body is slowly deteriorating. [mutagenic cloud]
  4319 | D        | Lost mutation: Your system is resistant to poisons. [mutagenic cloud]
  4351 | D        | Noticed a shining eye
  4351 | D        | Noticed a shining eye
  4351 | D        | Noticed a shining eye
  4351 | D        | Noticed a shining eye
  4351 | D        | Noticed a shining eye
  4351 | D        | Noticed a shining eye
  4351 | D        | Noticed a shining eye
  4351 | D        | Noticed a shining eye
  4351 | D        | Noticed a shining eye
  4351 | D        | Noticed a shining eye
  4351 | D        | Noticed a shining eye
  4352 | D        | Noticed a shining eye
  4352 | D        | Gained mutation: You are clumsy. (Dex -2) [a shining eye]
  4352 | D        | Gained mutation: Your vision is a little blurry. [a shining eye]
  4355 | D        | Gained mutation: Your body is deteriorating. [a shining eye]
  4355 | D        | Gained mutation: You occasionally shout uncontrollably. [a shining eye]
  4355 | D        | Paralysed by a giant eyeball for 4 turns
  4356 | D        | Lost mutation: You are clumsy. (Dex -2) [a shining eye]
  4356 | D        | Gained mutation: You are dopey. (Int -2) [a shining eye]
  4357 | D        | Gained mutation: You are very dopey. (Int -4) [a shining eye]
  4358 | D        | Gained mutation: You sometimes yell uncontrollably. [a shining eye]
  4358 | D        | Gained mutation: Your vision is quite blurry. [a shining eye]
  4359 | D        | Gained mutation: You cover ground slowly. [a shining eye]
  4360 | D        | Gained mutation: You tend to lose your temper in combat. [a shining eye]
  4361 | D        | Gained mutation: You cover ground very slowly. [a shining eye]
  4362 | D        | Gained mutation: You often lose your temper in combat. [a shining eye]
  4362 | D        | Paralysed by a giant eyeball for 3 turns
  4363 | D        | Gained mutation: Your magical capacity is low (-10% MP). [a shining eye]
  4364 | D        | Gained mutation: You have a fast metabolism. [a shining eye]
  4365 | D        | Gained mutation: Your magical capacity is very low (-20% MP). [a shining eye]
  4368 | D        | Killed a shining eye
  4369 | D        | Killed a shining eye
  4370 | D        | Killed a shining eye
  4370 | D        | Killed a shining eye
  4370 | D        | Killed a shining eye
  4370 | D        | Offered knowledge of Lightning Bolt by Vehumet.
  4370 | D        | Killed a shining eye
  4370 | D        | Killed a shining eye
  4370 | D        | Gained mutation: Your vision is extremely blurry. [a shining eye]
  4370 | D        | Gained mutation: You digest meat inefficiently. [a shining eye]
  4370 | D        | Gained mutation: You have a very fast metabolism. [a shining eye]
  4371 | D        | Killed a shining eye
  4371 | D        | Killed a shining eye
  4371 | D        | Gained mutation: You cover ground extremely slowly. [a shining eye]
  4372 | D        | Paralysed by a giant eyeball for 3 turns
  4376 | D        | Gained mutation: You have an uncontrollable temper. [a shining eye]
  4377 | D        | Killed a shining eye
  4377 | D        | Killed a shining eye
  4378 | D        | Killed a shining eye
  4413 | D        | Lost mutation: Your magical capacity is very low (-20% MP). [potion of mutation]
  4418 | D        | Lost mutation: You digest meat inefficiently. [potion of mutation]
  4418 | D        | Lost mutation: You have an uncontrollable temper. [potion of mutation]
  4454 | D        | Lost mutation: You are robust (+10% HP). [potion of mutation]
  4455 | D        | Lost mutation: You often lose your temper in combat. [potion of mutation]
  4455 | D        | Lost mutation: Your body is deteriorating. [potion of mutation]
  4455 | D        | Lost mutation: Your body is slowly deteriorating. [potion of mutation]
  4456 | D        | Lost mutation: You are very dopey. (Int -4) [potion of mutation]
  4456 | D        | Lost mutation: You are dopey. (Int -2) [potion of mutation]
  4523 | D        | Bought a potion of cure mutation for 385 gold pieces
  4524 | D        | Lost mutation: You tend to lose your temper in combat. [potion of cure mutation]
  4524 | D        | Lost mutation: You cover ground extremely slowly. [potion of cure mutation]
  4524 | D        | Lost mutation: Your magical capacity is low (-10% MP). [potion of cure mutation]
  4524 | D        | Lost mutation: You have a very fast metabolism. [potion of cure mutation]
  4531 | D        | Bought a potion of speed for 66 gold pieces
  4531 | D        | Bought a potion of cure mutation for 420 gold pieces
  4531 | D        | Bought a potion of heal wounds for 36 gold pieces
  4532 | D        | Lost mutation: Your vision is extremely blurry. [potion of cure mutation]
  4532 | D        | Lost mutation: Your vision is quite blurry. [potion of cure mutation]
  4532 | D        | Lost mutation: You sometimes yell uncontrollably. [potion of cure mutation]
  4532 | D        | Lost mutation: Your vision is a little blurry. [potion of cure mutation]
  4546 | D        | Noticed Kirke
  4546 | D        | Noticed a kobold demonologist
  4547 | D        | Noticed a shining eye
  4547 | D        | Noticed a centaur warrior
  4549 | D        | Killed a kobold demonologist
  4551 | D        | Killed Kirke
  4551 | D        | Reached skill level 22 in Fire Magic
  4553 | D        | Killed a centaur warrior
  4555 | D        | Noticed a shining eye
  4555 | D        | Killed a shining eye
  4555 | D        | Offered knowledge of Bolt of Draining by Vehumet.
  4556 | D        | Killed a shining eye
  4558 | D        | Noticed a storm dragon
  4559 | D        | Noticed a cacodemon
  4561 | D        | Noticed a deep elf high priest
  4563 | D        | Noticed a yaktaur captain
  4571 | D        | Killed a shining eye
  4580 | D        | Gained mutation: Your vision is a little blurry. [a cacodemon]
  4584 | D        | Killed a storm dragon
  4584 | D        | Reached XP level 13. HP: 31/70 MP: 14/36
  4584 | D        | Shot with a bolt by a yaktaur captain

Action                   |  1- 3 |  4- 6 |  7- 9 | 10-12 | 13-15 || total
-------------------------+-------+-------+-------+-------+-------++-------
Melee: Unarmed           |     7 |       |       |     1 |       ||     8
 Cast: Flame Tongue      |     6 |    18 |    47 |     1 |       ||    72
       Sticky Flame      |       |     3 |     7 |    15 |       ||    25
       Fireball          |       |       |    22 |   106 |     1 ||   129
       Orb of Destructio |       |       |       |     4 |       ||     4
  Use: Potion            |     1 |       |     3 |    35 |       ||    39
       Scroll            |       |       |       |     6 |       ||     6
